PCL
MEXICO CITY CERVECEROS @ SAN JOSE MISSIONS
08/02/2027
 
TOP OF THE 1ST
Mexico City Cerveceros batting - Pitching for San Jose Missions : RHP Luis Ortíz
Pitching: RHP Luis Ortíz
Batting: LHB John Nicholson 0-0: Called Strike
0-1: Ball
1-1: Called Strike
1-2: Ball
2-2: Foul Ball, location: 2F
2-2: Fly out, F5 (Popup, 5L)
Batting: RHB Robert Johnson 0-0: Ball
1-0: Foul Ball, location: 2F
1-1: Called Strike
1-2: Foul Ball, location: 2F
1-2: Ball
2-2: DOUBLE (Line Drive, 78XD)
Batting: RHB Arnold Harmon 0-0: SINGLE (Flyball, 9LS)
Robert Johnson to third
Batting: RHB Juan Jose Guevana 0-0: Ball
1-0: Swinging Strike
1-1: Ball
2-1: Swinging Strike
2-2: Foul Ball, location: 2F
2-2: 3-RUN HOME RUN (Flyball, 7LD), Distance : 363 ft
Batting: LHB Javier Escobedo 0-0: Ball
1-0: Ground out 4-3 (Groundball, 34)
Batting: LHB Gary Kern 0-0: Called Strike
0-1: Foul Ball, location: 2F
0-2: Ball
1-2: Ground out U3 (Groundball, 3L)
Top of the 1st over - 3 run(s), 3 hit(s), 0 error(s), 0 left on base; Mexico City 3 - San Jose 0
BOTTOM OF THE 1ST
San Jose Missions batting - Pitching for Mexico City Cerveceros : RHP Honorato Mota
Pitching: RHP Honorato Mota
Batting: LHB Phil Cantrell 0-0: Foul Ball, location: 2F
0-1: Ground out 4-3 (Groundball, 4)
Batting: RHB Ed Starr 0-0: Foul Ball, location: 2F
0-1: Ball
1-1: Swinging Strike
1-2: Ball
2-2: Foul Ball, location: 2F
2-2: Fly out, F8 (Flyball, 8RM)
Batting: RHB Dale Taylor 0-0: Fly out, F9 (Flyball, 9D)
Bottom of the 1st over - 0 run(s), 0 hit(s), 0 error(s), 0 left on base; Mexico City 3 - San Jose 0
TOP OF THE 2ND
Mexico City Cerveceros batting - Pitching for San Jose Missions : RHP Luis Ortíz
Batting: RHB Dave Morgan 0-0: Called Strike
0-1: Ball
1-1: Foul Ball, location: 2F
1-2: Ball
2-2: Strikes out swinging
Batting: RHB Hamilton Holbrook 0-0: Swinging Strike
0-1: Ball
1-1: Ball
2-1: Ball
3-1: Base on Balls
Batting: RHB Orlando Núñes 0-0: Ball
Hamilton Holbrook steals 2nd base
1-0: Ball
2-0: SINGLE (Groundball, 56D)
Hamilton Holbrook to third
Runner from 3rd tries for Home, SAFE, no throw
Batting: LHB John Nicholson 0-0: Called Strike
0-1: Foul Ball, location: 2F
0-2: Strikes out looking
Batting: RHB Robert Johnson 0-0: Called Strike
0-1: DOUBLE (Flyball, 7)
Orlando Núñes to third
Batting: RHB Arnold Harmon 0-0: Ball
1-0: Called Strike
1-1: DOUBLE (Line Drive, 9D)
Orlando Núñes scores
Robert Johnson scores
Batting: RHB Juan Jose Guevana 0-0: Ball
1-0: Ball
2-0: Ball
3-0: Base on Balls
Batting: LHB Javier Escobedo 0-0: Ball
Juan Jose Guevana is caught stealing 2nd base
Top of the 2nd over - 3 run(s), 3 hit(s), 0 error(s), 0 left on base; Mexico City 6 - San Jose 0
BOTTOM OF THE 2ND
San Jose Missions batting - Pitching for Mexico City Cerveceros : RHP Honorato Mota
Batting: RHB Bob Orr 0-0: Ball
1-0: Ball
2-0: Called Strike
2-1: Foul Ball, location: 2F
2-2: Fly out, F8 (Flyball, 8RM)
Batting: RHB Chang-geun Kim 0-0: SINGLE (Groundball, 56D)
Batting: LHB Miguel Montés 0-0: Ball
Chang-geun Kim steals 2nd base
1-0: SINGLE (Flyball, 89S)
Chang-geun Kim to third
Batting: RHB Andrew Benson 0-0: 3-RUN HOME RUN (Flyball, 7LD), Distance : 375 ft
Batting: RHB Peter Bishop 0-0: Foul Ball, location: 2F
0-1: Foul Ball, location: 2F
0-2: Ball
1-2: Ball
2-2: Ball
3-2: Strikes out looking
Batting: LHB Wilson Vecino 0-0: Called Strike
0-1: Swinging Strike
0-2: Foul Ball, location: 2F
0-2: Ball
1-2: Ball
2-2: Ball
3-2: Foul Ball, location: 2F
3-2: Ground out 4-3 (Groundball, 4)
Bottom of the 2nd over - 3 run(s), 3 hit(s), 0 error(s), 0 left on base; Mexico City 6 - San Jose 3
TOP OF THE 3RD
Mexico City Cerveceros batting - Pitching for San Jose Missions : RHP Luis Ortíz
Batting: LHB Javier Escobedo 0-0: Foul Ball, location: 2F
0-1: Ball
1-1: Ball
2-1: Swinging Strike
2-2: Strikes out looking
Batting: LHB Gary Kern 0-0: Called Strike
0-1: Ball
1-1: Fly out, F6 (Line Drive, 6)
Batting: RHB Dave Morgan 0-0: Called Strike
0-1: Foul Ball, location: 2F
0-2: Ball
1-2: Strikes out swinging
Top of the 3rd over - 0 run(s), 0 hit(s), 0 error(s), 0 left on base; Mexico City 6 - San Jose 3
BOTTOM OF THE 3RD
San Jose Missions batting - Pitching for Mexico City Cerveceros : RHP Honorato Mota
Batting: LHB Phil Cantrell 0-0: Ball
1-0: SOLO HOME RUN (Flyball, 9D), Distance : 384 ft
Batting: RHB Ed Starr 0-0: Ball
1-0: Called Strike
1-1: Ball
2-1: Fly out, F6 (Popup, 6)
Batting: RHB Dale Taylor 0-0: Called Strike
0-1: Ball
1-1: Swinging Strike
1-2: Strikes out swinging
Batting: RHB Bob Orr 0-0: DOUBLE (Line Drive, 78XD)
Batting: RHB Chang-geun Kim 0-0: Foul Ball, location: 2F
0-1: Fly out, F8 (Flyball, 8RD)
Bottom of the 3rd over - 1 run(s), 2 hit(s), 0 error(s), 1 left on base; Mexico City 6 - San Jose 4
TOP OF THE 4TH
Mexico City Cerveceros batting - Pitching for San Jose Missions : RHP Luis Ortíz
Batting: RHB Hamilton Holbrook 0-0: Ball
1-0: Fly out, F9 (Flyball, 9)
Batting: RHB Orlando Núñes 0-0: Ball
1-0: Ball
2-0: Foul Ball, location: 2F
2-1: Ball
3-1: Base on Balls
Batting: LHB John Nicholson 0-0: Ball
1-0: Ball
2-0: Ball
3-0: Called Strike
3-1: Base on Balls
Orlando Núñes to second
Batting: RHB Robert Johnson 0-0: Called Strike
0-1: Ball
1-1: Ball
2-1: Ball
3-1: Base on Balls
Orlando Núñes to third
John Nicholson to second
Batting: RHB Arnold Harmon 0-0: Called Strike
0-1: Foul Ball, location: 2F
0-2: Strikes out looking
Batting: RHB Juan Jose Guevana 0-0: Called Strike
0-1: Ball
1-1: Fly out, F5 (Line Drive, 56)
Top of the 4th over - 0 run(s), 0 hit(s), 0 error(s), 3 left on base; Mexico City 6 - San Jose 4
BOTTOM OF THE 4TH
San Jose Missions batting - Pitching for Mexico City Cerveceros : RHP Honorato Mota
Batting: LHB Miguel Montés 0-0: Called Strike
0-1: Called Strike
0-2: Strikes out swinging
Batting: RHB Andrew Benson 0-0: Ball
1-0: Called Strike
1-1: Called Strike
1-2: Ball
2-2: Strikes out swinging
Batting: RHB Peter Bishop 0-0: Swinging Strike
0-1: Ball
1-1: Ball
2-1: Ball
3-1: Foul Ball, location: 2F
3-2: Strikes out looking
Bottom of the 4th over - 0 run(s), 0 hit(s), 0 error(s), 0 left on base; Mexico City 6 - San Jose 4
TOP OF THE 5TH
Mexico City Cerveceros batting - Pitching for San Jose Missions : RHP Luis Ortíz
Batting: LHB Javier Escobedo 0-0: Ball
1-0: Ball
2-0: SINGLE (Groundball, 34D)
Batting: LHB Gary Kern 0-0: Ball
Javier Escobedo steals 2nd base
1-0: Called Strike
1-1: Ball
2-1: Called Strike
2-2: Ball
3-2: SINGLE (Groundball, 4MD)
Javier Escobedo to third
Batting: RHB Dave Morgan 0-0: Ball
1-0: Ball
2-0: Fly out, F7 (Line Drive, 7)
Runner from 3rd tags up, SCORES, no throw
Batting: RHB Hamilton Holbrook 0-0: Called Strike
0-1: Foul Ball, location: 2F
0-2: Foul Ball, location: 2F
0-2: Foul Ball, location: 2F
0-2: Ball
1-2: Ball
2-2: Strikes out swinging
Batting: RHB Orlando Núñes 0-0: Called Strike
0-1: Ground out 3-1 (Groundball, 34S)
Top of the 5th over - 1 run(s), 2 hit(s), 0 error(s), 1 left on base; Mexico City 7 - San Jose 4
BOTTOM OF THE 5TH
San Jose Missions batting - Pitching for Mexico City Cerveceros : RHP Honorato Mota
Batting: LHB Wilson Vecino 0-0: Ball
1-0: Swinging Strike
1-1: Swinging Strike
1-2: Ball
2-2: Strikes out swinging
Batting: LHB Phil Cantrell 0-0: Foul Ball, location: 2F
0-1: Ball
1-1: SOLO HOME RUN (Flyball, 9D), Distance : 376 ft
Pitching: RHP Tex Perkins
Batting: RHB Ed Starr 0-0: Foul Ball, location: 2F
0-1: Ground out 6-3 (Groundball, 6)
Batting: RHB Dale Taylor 0-0: Ball
1-0: Ball
2-0: Called Strike
2-1: Ball
3-1: Base on Balls
Batting: RHB Bob Orr 0-0: Ball
1-0: Ball
Wild Pitch!
Dale Taylor to second
2-0: Ball
3-0: Base on Balls
Batting: RHB Chang-geun Kim 0-0: Called Strike
0-1: Ball
1-1: Swinging Strike
1-2: Ball
2-2: Ball
3-2: Reached via error on a dropped throw, E3
Dale Taylor to third
Bob Orr to second
Batting: LHB Miguel Montés 0-0: Ball
1-0: SINGLE (Line Drive, 89S)
Dale Taylor scores
Bob Orr to third
Chang-geun Kim to second
Batting: RHB Andrew Benson 0-0: Called Strike
0-1: Ball
1-1: Called Strike
1-2: Foul Ball, location: 2F
1-2: Foul Ball, location: 2F
1-2: Strikes out swinging
Bottom of the 5th over - 2 run(s), 2 hit(s), 1 error(s), 3 left on base; Mexico City 7 - San Jose 6
TOP OF THE 6TH
Mexico City Cerveceros batting - Pitching for San Jose Missions : RHP Luis Ortíz
Batting: LHB John Nicholson 0-0: Ball
1-0: Ball
2-0: Ball
3-0: Base on Balls
Batting: RHB Robert Johnson 0-0: Foul Ball, location: 2F
0-1: Called Strike
0-2: Ball
1-2: Strikes out swinging
Batting: RHB Arnold Harmon 0-0: Called Strike
Throwing error on steal attempt, E2
John Nicholson to third
0-1: Called Strike
0-2: Ball
1-2: Ground out 5-3 (Groundball, 5)
Batting: RHB Juan Jose Guevana 0-0: Swinging Strike
0-1: Ball
1-1: Ball
2-1: Ball
3-1: Base on Balls
Pitching: RHP Micheal Wood
Batting: LHB Javier Escobedo 0-0: Ball
1-0: Swinging Strike
1-1: Ball
2-1: Reached on error, E4 (Groundball, 4)
John Nicholson scores
Juan Jose Guevana to second
Batting: LHB Gary Kern 0-0: Ball
1-0: Called Strike
1-1: Ball
2-1: Ball
3-1: Swinging Strike
3-2: Strikes out swinging
Top of the 6th over - 1 run(s), 0 hit(s), 2 error(s), 2 left on base; Mexico City 8 - San Jose 6
BOTTOM OF THE 6TH
San Jose Missions batting - Pitching for Mexico City Cerveceros : RHP Tex Perkins
Batting: RHB Peter Bishop 0-0: Ball
1-0: Ball
2-0: Ball
3-0: Called Strike
3-1: Fly out, F7 (Line Drive, 7)
Batting: LHB Wilson Vecino 0-0: Called Strike
0-1: Hit by Pitch
Batting: LHB Phil Cantrell 0-0: Foul Ball, location: 2F
0-1: Ball
1-1: Ball
2-1: Ball
3-1: Base on Balls
Wilson Vecino to second
Batting: RHB Ed Starr 0-0: Foul Ball, location: 2F
0-1: Called Strike
0-2: Foul Ball, location: 2F
0-2: Ball
1-2: Ball
2-2: Ball
3-2: Foul Ball, location: 2F
3-2: SINGLE (Line Drive, 78S)
Wilson Vecino to third
Phil Cantrell to second
Batting: RHB Dale Taylor 0-0: Ball
1-0: Ball
2-0: Ball
3-0: Base on Balls
Wilson Vecino scores
Phil Cantrell to third
Ed Starr to second
Pitching: RHP Gil Dickson
Batting: RHB Bob Orr 0-0: Ball
1-0: Swinging Strike
1-1: Fly out, F8 (Flyball, 8RM)
Runner from 3rd tags up, SCORES, no throw
Batting: RHB Chang-geun Kim 0-0: Ball
1-0: Foul Ball, location: 2F
1-1: Swinging Strike
1-2: Foul Ball, location: 2F
1-2: Strikes out swinging
Bottom of the 6th over - 2 run(s), 1 hit(s), 0 error(s), 2 left on base; Mexico City 8 - San Jose 8
TOP OF THE 7TH
Mexico City Cerveceros batting - Pitching for San Jose Missions : RHP Micheal Wood
Batting: RHB Dave Morgan 0-0: Ball
1-0: Called Strike
1-1: Called Strike
1-2: Ball
2-2: Strikes out swinging
Batting: RHB Hamilton Holbrook 0-0: Called Strike
0-1: Foul Ball, location: 2F
0-2: Strikes out swinging
Pitching: RHP Mark Bidwell
Batting: RHB Orlando Núñes 0-0: Foul Ball, location: 2F
0-1: Ball
1-1: Ground out 6-3 (Groundball, 6MD)
Top of the 7th over - 0 run(s), 0 hit(s), 0 error(s), 0 left on base; Mexico City 8 - San Jose 8
BOTTOM OF THE 7TH
San Jose Missions batting - Pitching for Mexico City Cerveceros : RHP Gil Dickson
Pitching: LHP Rubén Rico
Pinch Hitting: RHB Glenn Johnson 0-0: Hit by Pitch
Pitching: RHP Clint Tancock
Batting: RHB Andrew Benson 0-0: Ball
1-0: Sac Bunt - play at first, batter OUT! 1-4
Glenn Johnson to second
Pinch Hitting: LHB Arturo Rivera 0-0: Intentional Walk
Batting: LHB Wilson Vecino 0-0: Ball
1-0: Called Strike
1-1: Called Strike
1-2: Foul Ball, location: 2F
1-2: Foul Ball, location: 2F
1-2: Foul Ball, location: 2F
1-2: Ball
2-2: Foul Ball, location: 2F
2-2: Reached on error, E6 (Groundball, 6)
Glenn Johnson to third
Arturo Rivera to second
Batting: LHB Phil Cantrell 0-0: Ball
1-0: Ball
2-0: Called Strike
2-1: Ball
3-1: Base on Balls
Glenn Johnson scores
Arturo Rivera to third
Wilson Vecino to second
Batting: RHB Ed Starr 0-0: Ball
1-0: SINGLE (Groundball, 6MD)
Arturo Rivera scores
Wilson Vecino to third
Phil Cantrell to second
Runner from 3rd tries for Home, SAFE, throw made home
Phil Cantrell to third
Ed Starr to second
Batting: RHB Dale Taylor 0-0: Intentional Walk
Batting: RHB Bob Orr 0-0: Ball
1-0: Swinging Strike
1-1: Grounds into double play, 4-2-3 (Groundball, 4)
Bottom of the 7th over - 3 run(s), 1 hit(s), 1 error(s), 2 left on base; Mexico City 8 - San Jose 11
TOP OF THE 8TH
Mexico City Cerveceros batting - Pitching for San Jose Missions : RHP Mark Bidwell
Now at 2B: Glenn Johnson
Now in CF: Arturo Rivera
Batting: LHB John Nicholson 0-0: Ball
1-0: Ball
2-0: Foul Ball, location: 2F
2-1: Ball
3-1: Base on Balls
Batting: RHB Robert Johnson 0-0: Ball
1-0: Called Strike
1-1: Ball
2-1: Ball
3-1: Base on Balls
John Nicholson to second
Pitching: RHP Paul Lewis
Batting: RHB Arnold Harmon 0-0: Foul Ball, location: 2F
0-1: Swinging Strike
0-2: Fly out, F9 (Flyball, 89M)
Batting: RHB Juan Jose Guevana 0-0: Called Strike
0-1: Called Strike
0-2: Ball
1-2: Ball
2-2: Foul Ball, location: 2F
2-2: Foul Ball, location: 2F
2-2: Ball
3-2: Strikes out swinging
Batting: LHB Javier Escobedo 0-0: Ball
1-0: Foul Ball, location: 2F
1-1: Swinging Strike
1-2: Fly out, F7 (Flyball, 7)
Top of the 8th over - 0 run(s), 0 hit(s), 0 error(s), 2 left on base; Mexico City 8 - San Jose 11
BOTTOM OF THE 8TH
San Jose Missions batting - Pitching for Mexico City Cerveceros : RHP Clint Tancock
Pitching: RHP Raúl Gómez
Batting: RHB Chang-geun Kim 0-0: Fly out, F7 (Flyball, 7D)
Batting: RHB Glenn Johnson 0-0: Fly out, F7 (Flyball, 78XD)
Batting: RHB Andrew Benson 0-0: Called Strike
0-1: Ball
1-1: Called Strike
1-2: Fly out, F8 (Line Drive, 8LD)
Bottom of the 8th over - 0 run(s), 0 hit(s), 0 error(s), 0 left on base; Mexico City 8 - San Jose 11
TOP OF THE 9TH
Mexico City Cerveceros batting - Pitching for San Jose Missions : RHP Paul Lewis
Batting: LHB Gary Kern 0-0: Ball
1-0: Ground out 4-3 (Groundball, 4)
Batting: RHB Dave Morgan 0-0: Foul Ball, location: 2F
0-1: Swinging Strike
0-2: Ball
1-2: Foul Ball, location: 2F
1-2: Ball
2-2: Foul Ball, location: 2F
2-2: Ball
3-2: SINGLE (Groundball, 6MD)
Batting: RHB Hamilton Holbrook 0-0: Foul Ball, location: 2F
0-1: Called Strike
0-2: Ball
1-2: SINGLE (Groundball, 56D)
Dave Morgan to second
Pinch Hitting: RHB Dennis Stephenson 0-0: SINGLE (Groundball, 4MD)
Dave Morgan to third
Hamilton Holbrook to second
Runner from 3rd tries for Home, SAFE, throw made home
Batting: LHB John Nicholson 0-0: Ball
1-0: Foul Ball, location: 2F
1-1: Foul Ball, location: 2F
1-2: Ball
2-2: Foul Ball, location: 2F
2-2: Foul Ball, location: 2F
2-2: Ball
3-2: DOUBLE (Line Drive, 89S)
Hamilton Holbrook scores
Dennis Stephenson to third
Batting: RHB Robert Johnson 0-0: Ball
1-0: SINGLE (Line Drive, 56D)
Dennis Stephenson scores
John Nicholson to third
Runner from 3rd tries for Home, SAFE, no throw
Batting: RHB Arnold Harmon 0-0: Ball
1-0: Ball
2-0: Ball
3-0: Foul Ball, location: 2F
3-1: Base on Balls
Robert Johnson to second
Pinch Runner at 2nd Collin Smith:
Batting: RHB Juan Jose Guevana 0-0: Foul Ball, location: 2F
0-1: Ball
1-1: Swinging Strike
1-2: Ball
2-2: Ball
3-2: SINGLE (Line Drive, 9S)
Collin Smith to third
Arnold Harmon to second
Pinch Hitting: RHB Robinson Pacheco 0-0: Ball
1-0: Ball
2-0: Swinging Strike
2-1: Ball
3-1: Base on Balls
Collin Smith scores
Arnold Harmon to third
Juan Jose Guevana to second
Batting: LHB Gary Kern 0-0: Ball
1-0: Called Strike
1-1: Called Strike
1-2: Ball
2-2: Ball
3-2: Base on Balls
Arnold Harmon scores
Juan Jose Guevana to third
Robinson Pacheco to second
Pitching: LHP Guonçalle Calvelo
Batting: RHB Dave Morgan 0-0: Called Strike
0-1: Foul Ball, location: 2F
0-2: SINGLE (Groundball, 56) (infield hit)
Juan Jose Guevana scores
Robinson Pacheco to third
Gary Kern to second
Batting: RHB Hamilton Holbrook 0-0: Ball
1-0: Ball
2-0: Ball
3-0: Called Strike
3-1: Base on Balls
Robinson Pacheco scores
Gary Kern to third
Dave Morgan to second
Batting: RHB Dennis Stephenson 0-0: Ball
1-0: Ball
2-0: Ball
3-0: Called Strike
3-1: Base on Balls
Gary Kern scores
Dave Morgan to third
Hamilton Holbrook to second
Batting: LHB John Nicholson 0-0: Called Strike
0-1: Fly out, F5 (Flyball, 5D)
Batting: RHB Collin Smith 0-0: Ball
1-0: Ball
2-0: Foul Ball, location: 2F
2-1: Foul Ball, location: 2F
2-2: SINGLE (Groundball, 6D)
Dave Morgan scores
Hamilton Holbrook to third
Dennis Stephenson to second
Runner from 3rd tries for Home, SAFE, no throw
Batting: RHB Arnold Harmon 0-0: Ball
1-0: SINGLE (Line Drive, 8LS)
Dennis Stephenson to third
Collin Smith to second
Batting: RHB Juan Jose Guevana 0-0: Called Strike
0-1: Ball
1-1: Swinging Strike
1-2: Foul Ball, location: 2F
1-2: GRAND SLAM HOME RUN (Flyball, 78D), Distance : 438 ft
Batting: RHB Robinson Pacheco 0-0: Foul Ball, location: 2F
0-1: Fly out, F7 (Line Drive, 78M)
Top of the 9th over - 15 run(s), 10 hit(s), 0 error(s), 0 left on base; Mexico City 23 - San Jose 11
BOTTOM OF THE 9TH
San Jose Missions batting - Pitching for Mexico City Cerveceros : RHP Raúl Gómez
Now at C: Dennis Stephenson
Now at 3B: Robinson Pacheco
Now in LF: Collin Smith
Now in RF: Domingo Cardona
Batting: LHB Arturo Rivera 0-0: Called Strike
0-1: Fly out, F9 (Line Drive, 89D)
Batting: LHB Wilson Vecino 0-0: Ball
1-0: Ground out 4-3 (Groundball, 4)
Batting: LHB Phil Cantrell 0-0: Ball
1-0: Ball
2-0: Ball
3-0: Base on Balls
Batting: RHB Ed Starr 0-0: Ball
1-0: Ball
2-0: Swinging Strike
2-1: Ball
3-1: Base on Balls
Phil Cantrell to second
Batting: RHB Dale Taylor 0-0: Called Strike
0-1: Hit by Pitch
Phil Cantrell to third
Ed Starr to second
Batting: RHB Bob Orr 0-0: Ball
1-0: Ball
2-0: Called Strike
2-1: Called Strike
2-2: Strikes out swinging
Bottom of the 9th over - 0 run(s), 0 hit(s), 0 error(s), 3 left on base; Mexico City 23 - San Jose 11
Thursday, March 30th, 2017 - OOTP Baseball 17.12 Build 75